3A
WASHINGTON GENERALS @ COLUMBIA RIVER RATS
09/03/2021
 
TOP OF THE 1ST
Washington Generals batting - Pitching for Columbia River Rats : RHP Manny Pérez
Pitching: RHP Manny Pérez
Batting: RHB Alfredo Suárez 0-0: Ball
1-0: Ball
2-0: Ball
3-0: Base on Balls
Batting: RHB Vicente Hernández 0-0: Called Strike
Pickoff Throw by Catcher to First - Out!
0-1: Ball
1-1: Foul Ball, location: 2F
1-2: Strikes out looking
Batting: RHB Harley Gray 0-0: Fly out, F7 (Line Drive, 7M)
Top of the 1st over - 0 run(s), 0 hit(s), 0 error(s), 0 left on base; Washington 0 - Columbia 0
BOTTOM OF THE 1ST
Columbia River Rats batting - Pitching for Washington Generals : RHP Jeff Pearce
Pitching: RHP Jeff Pearce
Batting: LHB Floyd Long 0-0: Ball
1-0: Foul Ball, location: 2F
1-1: Ball
2-1: Ball
3-1: Called Strike
3-2: Fly out, F7 (Flyball, 7M)
Batting: RHB Lorenzo Rosas 0-0: Ball
1-0: Ground out 6-3 (Groundball, 6)
Now at SS: Jim Unknown
Batting: RHB Armando Alvarado 0-0: Foul Ball, location: 2F
0-1: Ball
1-1: Ball
2-1: Foul Ball, location: 2F
2-2: Foul Ball, location: 2F
2-2: Ball
3-2: Foul Ball, location: 2F
3-2: Base on Balls
Batting: LHB Robert Adams 0-0: Ball
1-0: Ball
2-0: Fly out, F9 (Flyball, 9M)
Bottom of the 1st over - 0 run(s), 0 hit(s), 0 error(s), 1 left on base; Washington 0 - Columbia 0
TOP OF THE 2ND
Washington Generals batting - Pitching for Columbia River Rats : RHP Manny Pérez
Batting: RHB Arturo Morales 0-0: Called Strike
0-1: Ball
1-1: Ball
2-1: Hit by Pitch
Batting: LHB Jim Unknown 0-0: SINGLE (Groundball, 3L)
Arturo Morales to second
Runner from 2nd tries for 3rd, SAFE, no throw or cutoff
Batting: RHB Jim Unknown 0-0: Ball
1-0: Foul Ball, location: 2F
1-1: Swinging Strike
1-2: Strikes out swinging
Batting: RHB Alejandro Márquez 0-0: Ball
1-0: Ball
2-0: Ball
3-0: Base on Balls
Jim Unknown to second
Batting: RHB Tim Lehman 0-0: Ball
1-0: SINGLE (Line Drive, 9S)
Arturo Morales scores
Jim Unknown to third
Alejandro Márquez to second
Batting: RHB Andy Moore 0-0: Called Strike
0-1: Swinging Strike
0-2: Ball
1-2: Ball
2-2: Strikes out swinging
Batting: RHB Alfredo Suárez 0-0: Ball
1-0: Fly out, F6 (Line Drive, 6)
Top of the 2nd over - 1 run(s), 2 hit(s), 0 error(s), 3 left on base; Washington 1 - Columbia 0
BOTTOM OF THE 2ND
Columbia River Rats batting - Pitching for Washington Generals : RHP Jeff Pearce
Batting: RHB Armando González 0-0: Ball
1-0: Ball
2-0: Called Strike
2-1: SINGLE (Groundball, 6)
Batting: RHB Fernando Silva 0-0: Fly out, F6 (Popup, 6D)
Batting: RHB Bryce Bancroft 0-0: Ball
Armando González steals 2nd base
1-0: Called Strike
1-1: Foul Ball, location: 2F
1-2: Fly out, F3 (Popup, 3SF)
Batting: SHB Jorge González 0-0: Called Strike
0-1: Called Strike
0-2: Ground out 4-3 (Groundball, 4)
Bottom of the 2nd over - 0 run(s), 1 hit(s), 0 error(s), 1 left on base; Washington 1 - Columbia 0
TOP OF THE 3RD
Washington Generals batting - Pitching for Columbia River Rats : RHP Manny Pérez
Batting: RHB Vicente Hernández 0-0: Swinging Strike
0-1: Foul Ball, location: 2F
0-2: Ball
1-2: Fly out, F3 (Popup, 3SF)
Batting: RHB Harley Gray 0-0: Swinging Strike
0-1: Swinging Strike
0-2: Strikes out looking
Batting: RHB Arturo Morales 0-0: Called Strike
0-1: Ball
1-1: Swinging Strike
1-2: Ball
2-2: Ball
3-2: Foul Ball, location: 2F
3-2: Foul Ball, location: 2F
3-2: Strikes out looking
Top of the 3rd over - 0 run(s), 0 hit(s), 0 error(s), 0 left on base; Washington 1 - Columbia 0
BOTTOM OF THE 3RD
Columbia River Rats batting - Pitching for Washington Generals : RHP Jeff Pearce
Batting: RHB Thomas Morris 0-0: Called Strike
0-1: Ball
1-1: Ball
2-1: Swinging Strike
2-2: Strikes out looking
Batting: LHB Floyd Long 0-0: Foul Ball, location: 2F
0-1: Ball
1-1: Ball
2-1: Ball
3-1: Fly out, F6 (Popup, 56)
Batting: RHB Lorenzo Rosas 0-0: Ground out 6-3 (Groundball, 6)
Bottom of the 3rd over - 0 run(s), 0 hit(s), 0 error(s), 0 left on base; Washington 1 - Columbia 0
TOP OF THE 4TH
Washington Generals batting - Pitching for Columbia River Rats : RHP Manny Pérez
Batting: LHB Jim Unknown 0-0: Called Strike
0-1: Swinging Strike
0-2: Ball
1-2: Ball
2-2: Ground out 6-3 (Groundball, 6M)
Batting: RHB Jim Unknown 0-0: Called Strike
0-1: Fly out, F5 (Popup, 25F)
Batting: RHB Alejandro Márquez 0-0: Called Strike
0-1: Ball
1-1: Ball
2-1: Ground out 1-3 (Groundball, 15S)
Top of the 4th over - 0 run(s), 0 hit(s), 0 error(s), 0 left on base; Washington 1 - Columbia 0
BOTTOM OF THE 4TH
Columbia River Rats batting - Pitching for Washington Generals : RHP Jeff Pearce
Batting: RHB Armando Alvarado 0-0: Ball
1-0: Foul Ball, location: 2F
1-1: Foul Ball, location: 2F
1-2: Strikes out swinging
Batting: LHB Robert Adams 0-0: Called Strike
0-1: Ball
1-1: Ground out 4-3 (Groundball, 13)
Batting: RHB Armando González 0-0: Ball
1-0: SINGLE (Groundball, 6MD)
Batting: RHB Fernando Silva 0-0: Called Strike
0-1: Swinging Strike
0-2: Ball
1-2: Ball
2-2: Ball
3-2: SINGLE (Line Drive, 78S)
Armando González to second
Armando González to third
Pitching: RHP Kevin Porter
Batting: RHB Bryce Bancroft 0-0: SINGLE (Flyball, 8RS)
Armando González scores
Fernando Silva to second
Batting: SHB Jorge González 0-0: Ball
1-0: SINGLE (Groundball, 6M)
Fernando Silva to third
Bryce Bancroft to second
Runner from 3rd tries for Home, SAFE, no throw or cutoff
Batting: RHB Thomas Morris 0-0: Called Strike
0-1: Fly out, F7 (Flyball, 7M)
Bottom of the 4th over - 2 run(s), 4 hit(s), 0 error(s), 2 left on base; Washington 1 - Columbia 2
TOP OF THE 5TH
Washington Generals batting - Pitching for Columbia River Rats : RHP Manny Pérez
Batting: RHB Tim Lehman 0-0: Ground out 4-3 (Groundball, 4)
Batting: RHB Andy Moore 0-0: Ball
1-0: Ball
2-0: Ground out 5-3 (Groundball, 5S)
Batting: RHB Alfredo Suárez 0-0: Foul Ball, location: 2F
0-1: Foul Ball, location: 2F
0-2: Ball
1-2: Ball
2-2: Strikes out looking
Top of the 5th over - 0 run(s), 0 hit(s), 0 error(s), 0 left on base; Washington 1 - Columbia 2
BOTTOM OF THE 5TH
Columbia River Rats batting - Pitching for Washington Generals : RHP Kevin Porter
Batting: LHB Floyd Long 0-0: Swinging Strike
0-1: Foul Ball, location: 2F
0-2: SINGLE (Groundball, 13) (infield hit)
Batting: RHB Lorenzo Rosas 0-0: Bunted foul
0-1: Bunted foul
0-2: Fly out, F9 (Flyball, 9LS)
Batting: RHB Armando Alvarado 0-0: Ball
1-0: Called Strike
1-1: Called Strike
1-2: Ball
2-2: Foul Ball, location: 2F
2-2: Ball
3-2: Fly out, F6 (Line Drive, 6)
Batting: LHB Robert Adams 0-0: Ball
1-0: Swinging Strike
1-1: Swinging Strike
1-2: Strikes out swinging
Bottom of the 5th over - 0 run(s), 1 hit(s), 0 error(s), 1 left on base; Washington 1 - Columbia 2
TOP OF THE 6TH
Washington Generals batting - Pitching for Columbia River Rats : RHP Manny Pérez
Batting: RHB Vicente Hernández 0-0: Called Strike
0-1: Ball
1-1: SINGLE (Groundball, 56D)
Batting: RHB Harley Gray 0-0: Ball
1-0: Grounds into double play, 6-4-3 (Groundball, 6D)
Batting: RHB Arturo Morales 0-0: Ball
1-0: Called Strike
1-1: Foul Ball, location: 2F
1-2: Strikes out swinging
Top of the 6th over - 0 run(s), 1 hit(s), 0 error(s), 0 left on base; Washington 1 - Columbia 2
BOTTOM OF THE 6TH
Columbia River Rats batting - Pitching for Washington Generals : RHP Kevin Porter
Batting: RHB Armando González 0-0: Ball
1-0: Ball
2-0: Fly out, F9 (Flyball, 9S)
Batting: RHB Fernando Silva 0-0: Ball
1-0: Ball
2-0: Swinging Strike
2-1: Foul Ball, location: 2F
2-2: Foul Ball, location: 2F
2-2: Ball
3-2: Strikes out looking
Batting: RHB Bryce Bancroft 0-0: Called Strike
0-1: Fly out, F8 (Flyball, 8LM)
Bottom of the 6th over - 0 run(s), 0 hit(s), 0 error(s), 0 left on base; Washington 1 - Columbia 2
TOP OF THE 7TH
Washington Generals batting - Pitching for Columbia River Rats : RHP Manny Pérez
Batting: LHB Jim Unknown 0-0: Ball
1-0: Ball
2-0: Called Strike
2-1: Called Strike
2-2: Ball
3-2: SINGLE (Groundball, 34)
Pinch Hitting: LHB Jim Unknown 0-0: Sac Bunt - play at first, batter OUT! 2-3
Jim Unknown to second
Batting: RHB Alejandro Márquez 0-0: Foul Ball, location: 2F
0-1: Ball
1-1: Foul Ball, location: 2F
1-2: Strikes out looking
Batting: RHB Tim Lehman 0-0: Swinging Strike
0-1: Foul Ball, location: 2F
0-2: Fly out, F4 (Line Drive, 4)
Top of the 7th over - 0 run(s), 1 hit(s), 0 error(s), 1 left on base; Washington 1 - Columbia 2
BOTTOM OF THE 7TH
Columbia River Rats batting - Pitching for Washington Generals : RHP Kevin Porter
Now in LF: Jim Unknown
Batting: SHB Jorge González 0-0: SINGLE (Groundball, 34D)
Pinch Hitting: RHB José Rivera 0-0: Bunt missed!
0-1: Bunted foul
0-2: Ball
1-2: Fly out, F8 (Flyball, 8LS)
Batting: LHB Floyd Long 0-0: Fly out, F5 (Popup, 5DF)
Pinch Hitting: RHB Paco Vásquez 0-0: SINGLE (Groundball, 6MD)
Jorge González to second
Batting: RHB Armando Alvarado 0-0: Ball
1-0: SINGLE (Groundball, 4MD)
Jorge González to third
Paco Vásquez to second
Runner from 3rd tries for Home, SAFE, no throw or cutoff
Batting: LHB Robert Adams 0-0: Ball
1-0: Ball
2-0: Called Strike
2-1: Ball
3-1: Base on Balls
Paco Vásquez to third
Armando Alvarado to second
Batting: RHB Armando González 0-0: Called Strike
0-1: Fly out, F7 (Flyball, 78M)
Bottom of the 7th over - 1 run(s), 3 hit(s), 0 error(s), 3 left on base; Washington 1 - Columbia 3
TOP OF THE 8TH
Washington Generals batting - Pitching for Columbia River Rats : RHP Manny Pérez
Now at 3B: Paco Vásquez
Now in LF: Ron Spence
Batting: RHB Andy Moore 0-0: Called Strike
0-1: Fly out, F9 (Flyball, 9LM)
Batting: RHB Alfredo Suárez 0-0: Ball
1-0: Fly out, F7 (Flyball, 7M)
Batting: RHB Vicente Hernández 0-0: Ball
1-0: Called Strike
1-1: Called Strike
1-2: Foul Ball, location: 2F
1-2: Foul Ball, location: 2F
1-2: Strikes out looking
Top of the 8th over - 0 run(s), 0 hit(s), 0 error(s), 0 left on base; Washington 1 - Columbia 3
BOTTOM OF THE 8TH
Columbia River Rats batting - Pitching for Washington Generals : RHP Kevin Porter
Batting: RHB Fernando Silva 0-0: SINGLE (Line Drive, 89M)
Batting: RHB Bryce Bancroft 0-0: Bunted foul
0-1: Sac Bunt - play at first, batter OUT! 3-4
Fernando Silva to second
Batting: SHB Jorge González 0-0: Intentional Walk
Pinch Hitting: LHB Sean Booth 0-0: Ball
Passed Ball!
Fernando Silva to third
Jorge González to second
1-0: Intentional Walk
Batting: LHB Floyd Long 0-0: SINGLE (Line Drive, 9LS)
Fernando Silva scores
Jorge González to third
Sean Booth to second
Pitching: LHP Thomas McGinnis
Batting: RHB Paco Vásquez 0-0: Ball
1-0: Swinging Strike
1-1: Ball
2-1: Ball
3-1: Fly out, F8 (Flyball, 8LXD)
Runner from 3rd tags up, SCORES, no throw
Batting: RHB Armando Alvarado 0-0: Ball
Passed Ball!
Sean Booth to third
Floyd Long to second
1-0: Intentional Walk
Batting: LHB Robert Adams 0-0: Fly out, F9 (Line Drive, 89M)
Bottom of the 8th over - 2 run(s), 2 hit(s), 0 error(s), 3 left on base; Washington 1 - Columbia 5
TOP OF THE 9TH
Washington Generals batting - Pitching for Columbia River Rats : RHP Manny Pérez
Now in LF: Carlos Rodríguez
Batting: RHB Harley Gray 0-0: SINGLE (Line Drive, 8RS)
Pitching: LHP Joaquín Ramírez
Batting: RHB Arturo Morales 0-0: Ball
1-0: Ball
2-0: Foul Ball, location: 2F
2-1: Foul Ball, location: 2F
2-2: Strikes out looking
Batting: LHB Jim Unknown 0-0: Ball
1-0: Fly out, F9 (Flyball, 8RM)
Batting: LHB Jim Unknown 0-0: Ball
1-0: Ball
2-0: Foul Ball, location: 2F
2-1: Swinging Strike
2-2: Ball
3-2: SINGLE (Groundball, 34S)
Harley Gray to second
Harley Gray to third
Batting: RHB Alejandro Márquez 0-0: Ball
1-0: Ball
2-0: Foul Ball, location: 2F
2-1: Foul Ball, location: 2F
2-2: Fly out, F7 (Flyball, 7M)
Top of the 9th over - 0 run(s), 2 hit(s), 0 error(s), 2 left on base; Washington 1 - Columbia 5
This league is powered by Out of the Park Baseball, the baseball management simulation game for PC, Mac and Linux
Friday, January 22nd, 2016 - OOTP Baseball 16.9 Build 39